 Dungeon Crawl Stone Soup version 0.30-a0-354-g6b83867211 (webtiles) character file.

Game seed: 4997888141638580228

2607 Maxmaps the Grappler (level 9, -1/96 HPs)
             Began as a Demonspawn Gladiator on Nov 7, 2022.
             Was an Initiate of Gozag.
             Slain by a killer bee (6 damage)
             ... on level 6 of the Dungeon.
             The game lasted 00:07:36 (4977 turns).

Maxmaps the Grappler (Demonspawn Gladiator)         Turns: 4977, Time: 00:07:37

Health: -1/96      AC: 28    Str: 15    XL:     9   Next: 33%
Magic:  9/9        EV:  2    Int: 14    God:    Gozag
Gold:   416        SH:  0    Dex: 14    Spells: 8/8 levels left

rFire   . . .      SeeInvis .      - Unarmed
rCold   + . .      Faith    .    (no shield)
rNeg    . . .      Spirit   .    (body armour currently unavailable)
rPois   +          Reflect  .    (helmet currently unavailable)
rElec   .          Harm     .    (cloak currently unavailable)
rCorr   .          Rampage  .    (gloves currently unavailable)
Will    .....      NoTele   +    (boots currently unavailable)
Stlth   +.........               (no amulet)
HPRegen 0.36/turn                f - +4 ring of protection
MPRegen 0.11/turn                j - ring of protection from cold

@: tree-form, gold aura
A: stationary, stasis, torment immunity, boosted hp, (horns 1), ignite blood 2,
powered by death 1, (weakness stinger 1), (demonic touch 1)
a: Renounce Religion, Potion Petition, Call Merchant, Bribe Branch


You were on level 6 of the Dungeon.
You worshipped Gozag.
Gozag was aware of your devotion.
You were a tree.
You visited 2 branches of the dungeon, and saw 8 of its levels.
You also visited: Sewer.

You collected 499 gold pieces.
You paid 83 gold pieces to Gozag.

Inventory:

Hand Weapons
 a - a +1 long sword
 y - a +2 whip of electrocution
Missiles
 d - 4 throwing nets (quivered)
 e - a javelin
Armour
 b - a +0 leather armour
 c - a +0 helmet
 g - a +0 scale mail
 m - a +0 pair of boots
 p - a +0 troll leather armour (melded) {Pargi}
Jewellery
 f - a +4 ring of protection (left branch)
 j - a ring of protection from cold (right branch)
 q - a ring of wizardry
 E - a ring of protection from fire
Wands
 C - a wand of paralysis (11)
Scrolls
 h - 3 scrolls of identify
 n - 2 scrolls of fog
 o - 6 scrolls of teleportation
 s - a scroll of summoning
 w - a scroll of immolation {unknown}
 x - 2 scrolls of poison {unknown}
 A - a scroll of enchant weapon
Potions
 i - a potion of curing
 r - a potion of magic {unknown}
 t - a potion of mutation {unknown}
 u - 5 potions of resistance
 v - 3 potions of degeneration {unknown}
 z - a potion of ambrosia {unknown}
 B - a potion of cancellation {unknown}
 D - 2 potions of brilliance {unknown}


   Skills:
 - Level 3.3 Fighting
 - Level 2.6 Long Blades
 - Level 1.7 Throwing
 - Level 2.6 Dodging
 + Level 11.3 Unarmed Combat


You had 8 spell levels left.
You didn't know any spells.
Your spell library contained the following spells:

 Spells                   Type           Power      Damage    Failure   Level
 Apportation              Tloc           0%         N/A       28%         1
 Necrotise                Necr           0%         1d4       28%         1
 Summon Small Mammal      Summ           0%         N/A       28%         1
 Cigotuvi's Dreadful Rot  Necr/Pois/Air  0%         N/A       41%         2
 Poisonous Vapours        Pois/Air       0%         N/A       41%         2
 Inner Flame              Hex/Fire       0%         N/A       65%         3
 Mephitic Cloud           Conj/Pois/Air  0%         N/A       65%         3
 Flame Wave               Conj/Fire      0%         2d4       96%         4
 Sticky Flame             Conj/Fire      0%         2d3       96%         4
 Alistair's Intoxication  Tmut/Pois      0%         N/A       100%        5


Dungeon Overview and Level Annotations

Branches:
Dungeon (7/15)             Temple (1/1) D:5           Sewer (visited)

Altars:
Ashenzari
Dithmenos
Gozag
Hepliaklqana
Kikubaaqudgha
Makhleb
Nemelex Xobeh
Okawaru
Qazlal
Ru
Sif Muna
Trog
Uskayaw
Vehumet
Wu Jian
Xom
Yredelemnul

Shops:
D:1 (   D:5 :   D:6 (

Annotations:
D:7 Menkaure


Innate Abilities, Weirdness & Mutations

You are a tree.
Your roots penetrate the ground, keeping you stationary.
You cannot be teleported.
You are immune to unholy pain and torment.
Your maximum health is greatly increased.
Your equipment is partially melded.
((You have a pair of small horns on your head.))
Your demonic aura often causes spilled blood to erupt in flames.
You regenerate a little health from kills.
((You have a small tail.))
((Your touch may inflict minor irresistible damage on your foes.))


Message History

The killer bee stings you but does no damage.
The shadow hits you.
The killer bee stings you but does no damage.
You barely miss the killer bee.
The killer bee is heavily wounded.
The killer bee stings you but does no damage.
The shadow hits you.
You closely miss the killer bee.
The killer bee is heavily wounded.
The killer bee stings you but does no damage.
The killer bee stings you.
* * * LOW HITPOINT WARNING * * *
The shadow hits you.
You barely miss the killer bee.
The killer bee is heavily wounded.
The killer bee stings you but does no damage.
You pummel the killer bee!!
You kill the killer bee!
The shadow barely misses you.
You swing at nothing.
The shadow hits you.
* * * LOW HITPOINT WARNING * * *
You barely miss the shadow.
The shadow slips into darkness.
The shadow flickers and vanishes!
Deactivating autopickup; reactivate with Ctrl-A.
You smack something!
The shadow strikes at you from the darkness!
* * * LOW HITPOINT WARNING * * *
Reactivating autopickup.
You barely miss the shadow.
The shadow is heavily damaged.
You pummel the shadow!!
You destroy the shadow!
The killer bee stings you.
* * * LOW HITPOINT WARNING * * *
You barely miss the killer bee.
The killer bee stings you but does no damage.
The killer bee stings you.
You die...
Your body crumbles into a pile of gold.

..#.#.# #.# ..#.#.# #.# ..#.#.#
#.# ..#.#.### #####.####
..#.#...# #........### ..#.###.#
#..........# #.#.# #.#
#...[)#)##.###
..#.###.############....)..##..##
...............$♣$.......##.>###.
..#.###.########y###.....##..##..
..#.# #.# #....#######..##...#
#.#.###.### #....# ##.##.###
#.#.......# #....# ######
#.####....# #....# #.####....#
#...[# #.........# ###..##
######....###...##


You could see a killer bee.

Vanquished Creatures
  Sigmund (D:6)
  A shadow (D:6)
  A wyvern (D:5)
  An acid dragon (D:6)
  2 water moccasins
  Pargi (Sewer)
  A sky beast (D:6)
  3 ogres
  A phantom (D:6)
  A kobold brigand (D:6)
  Blork the orc (D:6)
  4 scorpions
  4 killer bees (D:6)
  A howler monkey (D:5)
  A quasit (D:4)
  2 orc priests (D:5)
  4 hounds
  3 iguanas
  3 orc wizards
  12 gnolls
  10 adders
  2 river rats (D:3)
  3 shadow imps (D:4)
  2 white imps
  3 ufetubi
  2 worms
  2 dart slugs (D:3)
  20 orcs
  4 bats
  13 endoplasms
  3 giant cockroaches
  6 goblins
  5 hobgoblins
  12 jackals
  9 kobolds
  5 quokkas
  2 ball pythons
  4 frilled lizards
  9 rats
164 creatures vanquished.

Notes
Turn   | Place    | Note
-------+----------+-------------------------------------------
     0 | D:1      | Maxmaps the Demonspawn Gladiator began the quest for the
                  | Orb.
     0 | D:1      | Reached XP level 1. HP: 16/16 MP: 1/1
   170 | D:1      | Found Goenoa's Antique Weapon Boutique.
   173 | D:1      | Discovered your monstrous ancestry.
   173 | D:1      | Gained mutation: You have a small tail. [demonic ancestry]
   173 | D:1      | Reached XP level 2. HP: 18/23 MP: 2/2
   852 | D:2      | Gained mutation: You regenerate a little health from kills.
                  | [demonic ancestry]
   852 | D:2      | Reached XP level 3. HP: 29/29 MP: 3/3
   920 | D:2      | Reached skill level 1 in Unarmed Combat
  1326 | D:2      | Reached skill level 2 in Unarmed Combat
  1548 | D:2      | You fall into a shaft and drop 1 floor!
  1578 | D:3      | Gained mutation: Your touch may inflict minor irresistible
                  | damage on your foes. [demonic ancestry]
  1578 | D:3      | Reached XP level 4. HP: 35/35 MP: 4/4
  1613 | D:3      | Found a glowing drain.
  1653 | Sewer    | Entered a sewer
  1668 | Sewer    | Noticed Pargi
  1673 | Sewer    | Killed Pargi
  1674 | Sewer    | Reached skill level 4 in Unarmed Combat
  1674 | Sewer    | Gained mutation: You have a pair of small horns on your
                  | head. [demonic ancestry]
  1674 | Sewer    | Reached XP level 5. HP: 37/41 MP: 5/5
  1868 | D:3      | Identified the +3 dagger of Dishonour {holy, Fly rCorr
                  | Dex-5}
  2185 | D:3      | Gained mutation: Your demonic aura sometimes causes spilled
                  | blood to erupt in flames. [demonic ancestry]
  2185 | D:3      | Reached XP level 6. HP: 47/47 MP: 6/6
  2489 | D:4      | Reached skill level 5 in Unarmed Combat
  2697 | D:4      | Reached skill level 6 in Unarmed Combat
  2724 | D:4      | Reached XP level 7. HP: 52/52 MP: 7/7
  2997 | D:5      | Entered Level 5 of the Dungeon
  3125 | D:5      | Found a shadowy altar of Dithmenos.
  3188 | D:5      | Noticed a wyvern
  3194 | D:5      | Killed a wyvern
  3195 | D:5      | Reached skill level 7 in Unarmed Combat
  3291 | D:5      | Found a shimmering altar of Xom.
  3322 | D:5      | Reached skill level 8 in Unarmed Combat
  3322 | D:5      | Gained mutation: Your demonic aura often causes spilled
                  | blood to erupt in flames. [demonic ancestry]
  3322 | D:5      | Reached XP level 8. HP: 53/58 MP: 8/8
  3348 | D:5      | Found an iron altar of Okawaru.
  3415 | D:5      | Found Assystag's Book Emporium.
  3440 | D:5      | Found a sacrificial altar of Ru.
  3456 | D:5      | Found a staircase to the Ecumenical Temple.
  3536 | D:5      | Reached skill level 9 in Unarmed Combat
  3674 | Temple   | Entered the Ecumenical Temple
  3738 | Temple   | Became a worshipper of Gozag Ym Sagoz the Greedy
  3835 | D:6      | Noticed Sigmund
  3846 | D:6      | Killed Sigmund
  3856 | D:6      | Reached skill level 10 in Unarmed Combat
  3982 | D:6      | Found Huad's Weapon Boutique.
  4183 | D:6      | Reached XP level 9. HP: 64/64 MP: 9/9
  4253 | D:6      | Noticed Blork the orc
  4261 | D:6      | Killed Blork the orc
  4743 | D:7      | Noticed Menkaure
  4767 | D:6      | HP: 2/64 [killer bee (5)]
  4772 | D:6      | Reached skill level 11 in Unarmed Combat
  4977 | D:6      | Slain by a killer bee

Illustrated notes

Levels and vault maps discovered:
D:1:      minmay_arrival_four_circles, layout_basic, serial_shops, shop,
          palyth_stone_intersect, dreamdust_princess_bridge
D:2:      layout_basic, grunt_ministairs_8
D:3:      layout_basic, portal_sewer_entry_c
D:4:      layout_cave_pools, serial_demonic, serial_demonic_a, serial_demonic_f,
          serial_demonic_d, serial_demonic_d, kennysheep_big_empty_room
D:5:      kennysheep_six_static_rooms, layout_basic,
          nicolae_ru_the_path_less_chosen, lemuel_doored_altar,
          kennysheep_okawaru_gauntlet, grunt_dithmenos_smoke,
          minmay_temple_entry_antechambers, serial_shops, shop
D:6:      layout_basic, serial_shops, kennysheep_mini_moat, st_stairs_7,
          uniq_sigmund, uniq_blork_the_orc
D:7:      layout_cave_pools, serial_shops, nicolae_square_shop, uniq_menkaure
Temple:   nicolae_temple_x_marks_the_god

Skill      XL: |  1  2  3  4  5  6  7  8  9 |
---------------+----------------------------+-----
Fighting       | 3 |  3.3
Unarmed Combat | 2 4 6 8 10 11 | 11.3
Long Blades    | |  2.6
Throwing       | |  1.7
Dodging        | |  2.6

Action                   |  1- 3 |  4- 6 |  7- 9 || total
-------------------------+-------+-------+-------++-------
Melee: Long sword        |   113 |    16 |       ||   129
       Tailslap          |    10 |    21 |    26 ||    57
       Touch             |       |    26 |    26 ||    52
       Punch             |       |     3 |    10 ||    13
       Unarmed           |       |   134 |   210 ||   344
       Headbutt          |       |    22 |    30 ||    52
  Use: Scroll            |     6 |     3 |       ||     9
       Potion            |       |     1 |     7 ||     8
 Stab: Distracted        |     1 |       |     1 ||     2
       Sleeping          |       |       |     2 ||     2
Armor: Scale mail        |    71 |    14 |       ||    85
       Troll leather arm |       |    59 |    84 ||   143
       Skin              |       |       |    39 ||    39
Dodge: Dodged            |    68 |    89 |   147 ||   304

Table legend: (Time is in decaauts)
 A = Elapsed time spent in this place.
 B = Non-inter-level travel time spent in this place.
 C = Inter-level travel time spent in this place.
 D = Time resting spent in this place.
 E = Time spent auto-exploring this place.
 F = Levels seen in this place.
 G = Mean time per level.
                   A        B        C        D        E       F      G
               +--------+--------+--------+--------+--------+-----+--------+
         Total |   5021 |   4773 |    248 |    195 |   3378 |   9 |  557.9 |
       Dungeon |   4693 |   4445 |    248 |    195 |   3238 |   7 |  670.4 |
        Temple |     74 |     74 |      0 |      0 |     38 |   1 |   74.0 |
         Sewer |    253 |    253 |      0 |      0 |    101 |   1 |  253.0 |
               +--------+--------+--------+--------+--------+-----+--------+

Top non-repeatable levels by time:
     D:6: 1121 daAuts
     D:1: 812 daAuts
     D:2: 763 daAuts
     D:5: 742 daAuts
     D:3: 700 daAuts
     D:4: 544 daAuts
   Sewer: 253 daAuts
  Temple: 74 daAuts
     D:7: 8 daAuts
